AoeStats
← tony le gros rou

Lombardia

507583669Analyzed
4v4 RM · 12d ago on Sep 18, 2026· 15m 24s· 8 players
Game mode
Random Map
Map size
Large (8 player)
Population
200
Speed
Normal
Resources
Standard
Victory
Conquest
Starting age
Dark Age
Ending age
Imperial Age
RankedLock teamsTeams togetherTeam positionsShared explorationLock speedFull tech treeHidden civsTurbo modeCheats
Victory
Defeat
🇺🇸 Mongols · United States
1653
+11
🇫🇷 Saracens · France
1652
+11
🇺🇸 Hindustanis · United States
1560
+15
🇬🇧 Jurchens · United Kingdom
1472
+18
🇫🇷 Armenians · France
1606
-17
🇫🇷 Britons · France
1552
-14
🇫🇷 Magyars · France
1498
-12
🇩🇪 Saracens · Germany
1488
-12
tony le gros rou
5:40 Loom
8:51 Feudal Age
ccereal
5:48 Loom
8:07 Feudal Age
9:24 Double-Bit Axe
12:12 Fletching
12:22 Padded Archer Armor
Frorok
5:20 Loom
10:25 Feudal Age
10:25 Man-at-Arms
10:57 Double-Bit Axe
12:27 Arson
p0n0n0
8:44 Loom
11:15 Feudal Age
15:18 Castle Age
13:36 Double-Bit Axe
Mike'dugai
8:58 Feudal Age
9:43 Loom
13:52 Double-Bit Axe
15:49 Fletching
Koti
9:16 Loom
11:29 Feudal Age
12:50 Double-Bit Axe
15:28 Castle Age
14:01 Bloodlines
Chris
5:08 Loom
8:27 Feudal Age
9:22 Double-Bit Axe
14:58 Scale Barding Armor
Ro Ro Din Bat
8:51 Feudal Age
9:21 Loom
9:24 Double-Bit Axe
10:04 Horse Collar
Connection lost

Rejoining the realm…

Still unreachable

The connection could not be restored.

Session expired

The server has moved on; the page needs a fresh start.